 Dungeon Crawl Stone Soup version 0.31-a0-986-g5e6e4ef867 (webtiles) character file.

Game seed: 12813487021776759291

38 FakeRyeBread the Shield-Bearer (level 3, 0/23 HPs)
             Began as a Gargoyle Fighter on Nov 5, 2023.
             Slain by a goblin
             ... wielding a +0 club
             ... led by Robin
              (4 damage)
             ... on level 1 of the Dungeon.
             The game lasted 00:02:30 (1058 turns).

FakeRyeBread the Shield-Bearer (Gargoyle Fighter)   Turns: 1058, Time: 00:02:30

Health: 0/23       AC: 10    Str: 21    XL:     3   Next: 43%
Magic:  3/3        EV:  9    Int:  8    God:
Gold:   53         SH:  4    Dex:  9    Spells: 2/2 levels left

rFire   . . .        a - +0 flail
rCold   . . .        c - +0 buckler
rNeg    + . .        b - +0 scale mail
rPois   ∞            (no helmet)
rElec   +            (no cloak)
rCorr   .            (no gloves)
SInv    .            (no boots)
Will    .....        (no amulet) Stlth
                     (no ring)
HPRegen 0.23/turn    (no ring)
MPRegen 0.08/turn

%: no passive effects
@: no status effects
A: sickness immunity, AC +3, negative energy resistance 1, electricity
resistance, torment resistance 1, petrification resistance
a: no special abilities


You were on level 1 of the Dungeon.
You visited 1 branch of the dungeon, and saw 2 of its levels.

You collected 53 gold pieces.

Inventory:

Hand Weapons
 a - a +0 flail (weapon)
Armour
 b - a +0 scale mail (worn)
 c - a +0 buckler (worn)
Scrolls
 e - a scroll of blinking {unknown}
 g - a scroll of enchant weapon {unknown}
 h - 3 scrolls of identify {unknown}
 j - a scroll of noise {unknown}
 k - a scroll of fear {unknown}
Potions
 d - a potion of might
 f - a potion of curing {unknown}
 i - a potion of invisibility {unknown}


   Skills:
 + Level 3.6 Fighting
 * Level 2.8 Maces & Flails
 + Level 3.6 Armour
 + Level 3.6 Shields


You had 2 spell levels left.
You didn't know any spells.
Your spell library was empty.

Dungeon Overview and Level Annotations

Branches:
Dungeon (2/15)

Altars:

Shops:
D:1 *([

Annotations:
D:2 Robin


Innate Abilities, Weirdness & Mutations

You are immune to sickness and miasma.
Your stone body is resilient. (AC +3)
You are immune to poison.
You resist negative energy. (rN+)
You are resistant to electric shocks. (rElec)
You are resistant to unholy torment.
You are immune to petrification.


Message History

The goblin hits you but does no damage.
You see here a hobgoblin corpse.
You barely miss the goblin. You block the goblin's attack.
The goblin hits you but does no damage.
You hit the goblin.
You kill the goblin!
Things that are here:
a +0 club; a goblin corpse
There is a stone staircase leading down here.
You start resting.
HP restored.
You climb downwards.
Level annotation: Robin The goblin barely misses you.
The kobold hits you but does no damage. You block the goblin's attack.
The goblin barely misses you. The kobold hits you but does no damage.
Robin roars a battlecry!
The goblins go into a battle-frenzy!
The goblin hits you but does no damage.
There is a stone staircase leading up here.
The goblin barely misses you. The kobold barely misses you.
The goblin hits you but does no damage.
You climb upwards.
There is a stone staircase leading down here.
You closely miss the goblin. The goblin hits you with a +0 club.
The goblin hits you but does no damage. The kobold closely misses you.
You closely miss the goblin. The goblin hits you with a +0 club.
The goblin barely misses you. The kobold hits you but does no damage.
You closely miss the goblin. The goblin barely misses you.
The goblin completely misses you. The kobold hits you but does no damage.
The goblin hits you with a +0 club. You block the goblin's attack.
The kobold hits you but does no damage.
You barely miss the goblin. The goblin closely misses you.
The goblin barely misses you. The kobold hits you with a +0 dagger.
* * * LOW HITPOINT WARNING * * *
You sock the goblin!
You kill the goblin!
The goblin barely misses you. The kobold hits you but does no damage.
The goblin hits you with a +0 club.
You die...

#.##......#... #.##......#...
#............. #..>......####
#####.....# ###..### #.#..#####
###########.##....## ###
#..@>K...###.###..##
##.###########.##g†.##.###.#...#.
#.................#.###.##.##.##.
##.###########.#..#..###.##.#.#.#
#.# #.#....#.###.#.#.#.# ##.#####
#......##..##.##.##. .......#
####..#.###..#.....# .#.###.#
#......####.....# .#.###.#
#########...........<...


You could see a goblin and a kobold.

Vanquished Creatures
  An adder (D:2)
  A worm (D:1)
  3 ball pythons (D:1)
  A bat (D:2)
  An endoplasm (D:1)
  4 goblins (D:1)
  2 hobgoblins (D:1)
  2 jackals (D:1)
  A kobold (D:1)
  2 quokkas (D:1)
  A frilled lizard (D:1)
  4 rats
23 creatures vanquished.

Notes
Turn   | Place    | Note
-------+----------+-------------------------------------------
     0 | D:1      | FakeRyeBread the Gargoyle Fighter began the quest for the
                  | Orb.
     0 | D:1      | Reached XP level 1. HP: 14/14 MP: 1/1
    67 | D:1      | Found Gacluo's Armour Shop.
   180 | D:1      | Found Ziuman's General Store.
   242 | D:1      | Reached XP level 2. HP: 17/19 MP: 2/2
   443 | D:1      | Found Peed's Antique Weapon Boutique.
   890 | D:2      | Reached XP level 3. HP: 15/23 MP: 3/3
   986 | D:2      | Noticed Robin
  1058 | D:1      | Slain by a goblin

Illustrated notes

Levels and vault maps discovered:
D:1:      spicycebolla_arrival_xxxplode, layout_loops_cross, serial_shops, shop,
          shop, shop
D:2:      layout_loops_ring, chequers_serial_rivers_room_a,
          minmay_fractal_squares_gapless_5, uniq_robin

Action                     || total
---------------------------++-------
  Melee: Flail             ||   103
 Armour: Scale mail        ||    91
  Dodge: Dodged            ||    59
  Block: Buckler           ||    29

Table legend: (Time is in decaauts)
 A = Elapsed time spent in this place.
 B = Non-inter-level travel time spent in this place.
 C = Inter-level travel time spent in this place.
 D = Time resting spent in this place.
 E = Time spent auto-exploring this place.
 F = Levels seen in this place.
 G = Mean time per level.
                   A        B        C        D        E       F      G
               +--------+--------+--------+--------+--------+-----+--------+
         Total |   1091 |    940 |    151 |     38 |    675 |   2 |  545.5 |
       Dungeon |   1091 |    940 |    151 |     38 |    675 |   2 |  545.5 |
               +--------+--------+--------+--------+--------+-----+--------+

Top non-repeatable levels by time:
     D:1: 953 daAuts
     D:2: 137 daAuts
